 Dungeon Crawl Stone Soup version 0.19-a0-994-g3c636f0 (webtiles) character file.

8361 MrRokkomies the Carver (level 11, 0/90 HPs)
             Began as a Vampire Gladiator on July 15, 2016.
             Was a High Priest of Dithmenos.
             Slain by a four-headed hydra (11 damage)
             ... on level 1 of the Lair of Beasts.
             The game lasted 00:25:08 (10678 turns).

MrRokkomies the Carver (Vampire Gladiator)         Turns: 10678, Time: 00:25:09

Health: 0/90       AC: 14    Str: 15    XL:     11   Next: 8%
Magic:  11/11      EV:  9    Int: 13    God:    Dithmenos [*****.]
Gold:   430        SH:  0    Dex: 15    Spells: 1 memorised, 8 levels left

rFire  . . .     SeeInvis +     a - +4 great sword (slice)
rCold  + . .     Gourm    .     m - +0 chain mail
rNeg   + + .     Faith    +     (shield currently unavailable)
rPois  +         Spirit   .     c - +1 helmet
rElec  .         Dismiss  .     q - +2 cloak
rCorr  .         Reflect  .     (no gloves)
SustAt .         Harm     .     u - +0 pair of boots
MR     +....                    s - amulet of faith
Stlth  ..........               (no ring)
                                (no ring)

@: regenerating slowly, wreathed by umbra, somewhat resistant to hostile
enchantments, extremely unstealthy
A: fangs 3, see invisible, unbreathing
a: Bat Form, Shadow Step, Shadow Form, Renounce Religion


You were on level 1 of the Lair of Beasts.
You worshipped Dithmenos.
Dithmenos was extremely pleased with you.
You were very thirsty.

You visited 3 branches of the dungeon, and saw 12 of its levels.
You also visited: Sewer and Ossuary.

You collected 430 gold pieces.

Inventory:

Hand Weapons
 a - a +4 great sword of slicing (weapon)
 v - a +0 blowgun
Missiles
 b - 24 sling bullets
 d - a throwing net (quivered)
 B - 57 poisoned needles
Armour
 c - a +1 helmet (worn)
 m - a +0 chain mail (worn)
 q - a +2 cloak (worn)
 u - a +0 pair of boots (worn)
Jewellery
 s - an amulet of faith (around neck)
 y - an uncursed amulet of rage {unknown}
 z - an uncursed amulet of dismissal {unknown}
Wands
 h - a wand of iceblast (0/15)
 k - a wand of lightning (0/15)
 I - a wand of disintegration (13/24)
Scrolls
 f - a scroll of fog
 i - 3 scrolls of enchant armour
 r - 9 scrolls of remove curse
 t - a scroll of magic mapping
 D - a scroll of fear
 G - 3 scrolls of amnesia
 H - a scroll of teleportation
Potions
 g - a potion of lignification {unknown}
 j - a potion of resistance
 l - 2 potions of flight
 o - 3 potions of curing
 w - a potion of heal wounds
 C - 2 potions of cure mutation
 F - a potion of ambrosia {unknown}
Books
 e - a Young Poisoner's Handbook

   Spells                             Type                      Level
   a - Sting                          Conjuration/Poison           1
   b - Mephitic Cloud                 Conjuration/Poison/Air       3
   c - Olgreb's Toxic Radiance        Poison                       4
   d - Alistair's Intoxication        Transmutation/Poison         5
   e - Venom Bolt                     Conjuration/Poison           5
 x - a book of Air

   Spells                             Type                      Level
   a - Shock                          Conjuration/Air              1
   b - Swiftness                      Charms/Air                   2
   c - Repel Missiles                 Charms/Air                   2
   d - Static Discharge               Conjuration/Air              3
   e - Lightning Bolt                 Conjuration/Air              5


   Skills:
 - Level 10.0 Fighting
 * Level 12.3 Long Blades
 - Level 1.5 Throwing
 * Level 7.2 Dodging


You had 8 spell levels left.
You knew the following spells:

 Your Spells              Type           Power        Failure   Level  Hunger
a - Repel Missiles        Chrm/Air       #.....       100%        2    ###....


Dungeon Overview and Level Annotations

Branches:
Dungeon (10/15)            Temple (1/1) D:4            Lair (1/6) D:10
    Orc (0/2) D:10

Altars:
Ashenzari
Cheibriados
Dithmenos
Elyvilon
Fedhas
Gozag
Hepliaklqana
Kikubaaqudgha
Makhleb
Nemelex Xobeh
Okawaru
Pakellas
Qazlal
Ru
Sif Muna
Trog
Uskayaw
Vehumet
Xom
Yredelemnul
Zin
The Shining One

Shops:
D:8 ?

Annotations:
D:5 Steforg's ghost, amateur HOFE
D:6 Prince Ribbit


Innate Abilities, Weirdness & Mutations

You heal slowly.
You have razor-sharp teeth.
You have supernaturally acute eyesight. (SInv)
You can survive without breathing.


Message History

The four-headed hydra bites you but does no damage. x2
The four-headed hydra completely misses you.
Evoke which item? (* to show all) (? for menu, Esc to quit)
Zapping:
k - a wand of lightning {zapped: 8} (will waste charges)
Press: ? - help, Shift-Dir - straight line, f/p - four-headed hydra
Aim: a four-headed hydra (heavily wounded, umbra)
You hear a mighty clap of thunder!
The bolt of lightning hits the four-headed hydra.
The four-headed hydra is heavily wounded.
The bolt of lightning hits the four-headed hydra.
The four-headed hydra is almost dead.
Evoking this partially-identified wand wasted a few charges.
The four-headed hydra closely misses you.
You riposte.
You slash the four-headed hydra!
The four-headed hydra is almost dead.
The four-headed hydra bites you!
* * * LOW HITPOINT WARNING * * *
The four-headed hydra closely misses you.
The four-headed hydra bites you!
You die...

,.................#...# *,,
,.......≈≈........+...# **,
,......≈≈≈≈≈..........# *,
,....≈≈≈≈≈≈≈≈.....r..!# *,
>%....≈≈≈≈≈≈.###+#....## *,
,....≈≈≈≈≈........r....# *,
,,...≈≈≈≈≈.<..#.......## *,
,,,,.≈≈≈≈≈≈...#.D......# *,
,,,,..≈≈≈≈≈≈..#.@.....## *,
,,,,#.≈≈≈≈≈...#........#********,
,,,,#...≈.#......^.......,,,,,,,,
,,,,....#.#...#...P#.#.##.,,,,,,,
,,,,...#..#...#...+......+,,,,,,,
,,,,......##.#...........*,,,,,,,
,,,,,,,,,,,..,....#.....,*,,,,,,,
,,,,,,,,,,..,......*.##***,,,,,,,
,,,,,,,,,*,,**,,,,,,,,,,,,,,,,,,,


You could see a four-headed hydra and 2 river rats.

Vanquished Creatures
  Josephine (D:10)
  A hill giant (D:10)
  A centaur zombie (D:10)
  An elephant (D:10)
  A two-headed ogre (D:9)
  Grinder (D:4)
  3 wraiths (D:10)
  12 yaks (D:10)
  A hungry ghost (D:8)
  Menkaure (D:4)
  Duvessa (D:4)
  Purgy (Sewer)
  2 orc warriors
  A phantom (D:8)
  2 necrophages (D:10)
  A sky beast (D:9)
  4 ogres
  2 crocodiles
  A big kobold (D:7)
  An elf zombie (Ossuary)
  8 giant frogs
  A wyvern zombie (D:8)
  Dowan (D:4)
  A water moccasin skeleton (D:10)
  An electric eel (Lair:1)
  A howler monkey (D:9)
  3 crimson imps
  2 quasits (D:9)
  3 human zombies (Ossuary)
  3 orc priests
  4 jellies
  Crazy Yiuf (D:3)
  4 hounds
  11 orc wizards
  A centaur skeleton (D:10)
  Jessica (D:3)
  2 iguanas
  6 worker ants
  A sheep (D:10)
  3 big kobold zombies (Ossuary)
  4 hound zombies
  3 mummies (Ossuary)
  A hound skeleton (D:6)
  12 adders
  3 shadow imps
  4 adder zombies
  A worm zombie (D:6)
  3 adder skeletons
  2 worms
  3 dart slugs
  11 giant geckos
  22 orcs
  A ball python (D:1)
  4 bats
  8 giant cockroaches
  2 gnoll zombies (Ossuary)
  6 hobgoblins
  18 jackals
  6 quokkas
  4 giant newts
  9 goblins
  4 goblin zombies (Ossuary)
  4 hobgoblin zombies (Ossuary)
  A jackal skeleton (D:5)
  4 jackal zombies
  12 kobolds
  2 kobold zombies (Ossuary)
  2 orc zombies
  7 quokka zombies
  3 rats
  2 rat zombies (Ossuary)
265 creatures vanquished.

Vanquished Creatures (others)
  2 orc priests (D:10)
  An orc (D:10)
  3 fungi (D:10)
6 creatures vanquished.

Grand Total: 271 creatures vanquished

Notes
Turn   | Place    | Note
-------+----------+-------------------------------------------
     0 | D:1      | MrRokkomies the Vampire Gladiator began the quest for the Orb.
     0 | D:1      | Reached XP level 1. HP: 16/16 MP: 1/1
   134 | D:1      | Reached XP level 2. HP: 9/22 MP: 2/2
   766 | D:2      | Reached XP level 3. HP: 28/28 MP: 3/3
  1560 | D:3      | Found a glowing drain.
  1564 | D:3      | Reached skill level 4 in Long Blades
  1565 | D:3      | Reached XP level 4. HP: 33/35 MP: 4/4
  1581 | Sewer    | Entered a sewer
  1684 | Sewer    | Noticed Purgy
  1696 | Sewer    | Killed Purgy
  1696 | Sewer    | Reached XP level 5. HP: 42/42 MP: 5/5
  1885 | D:3      | Noticed Jessica
  1893 | D:3      | Killed Jessica
  1980 | D:3      | Reached skill level 5 in Long Blades
  2291 | D:3      | Found a runed door.
  2318 | D:3      | Noticed an angel
  2321 | D:3      | Found a glowing silver altar of Zin.
  2380 | D:3      | Noticed Crazy Yiuf
  2392 | D:3      | Killed Crazy Yiuf
  2392 | D:3      | Reached XP level 6. HP: 15/48 MP: 6/6
  2814 | D:4      | Found a staircase to the Ecumenical Temple.
  2825 | Temple   | Entered the Ecumenical Temple
  3013 | Temple   | Became a worshipper of Dithmenos the Shadowed
  3050 | D:4      | Noticed Menkaure
  3060 | D:4      | Killed Menkaure
  3368 | D:4      | Noticed Grinder
  3394 | D:4      | Paralysed by Grinder for 6 turns
  3431 | D:4      | Killed Grinder
  3431 | D:4      | Reached skill level 5 in Fighting
  3431 | D:4      | Reached skill level 6 in Long Blades
  3431 | D:4      | Reached XP level 7. HP: 28/56 MP: 7/7
  3625 | D:4      | Noticed Dowan
  3646 | D:4      | Killed Dowan
  3777 | D:4      | Noticed Duvessa
  3789 | D:4      | Killed Duvessa
  3789 | D:4      | Reached skill level 7 in Long Blades
  3998 | D:5      | Entered Level 5 of the Dungeon
  4041 | D:5      | Noticed Steforg's ghost (amateur HOFE)
  4064 | D:6      | Noticed Prince Ribbit
  4091 | D:6      | Found a sand-covered staircase.
  4162 | Ossuary  | Entered an ossuary
  4543 | Ossuary  | Reached * piety under Dithmenos
  4585 | Ossuary  | Reached XP level 8. HP: 37/64 MP: 8/8
  4994 | Ossuary  | Reached ** piety under Dithmenos
  5486 | D:6      | Reached skill level 8 in Long Blades
  6294 | D:6      | Reached *** piety under Dithmenos
  6612 | D:7      | Reached XP level 9. HP: 70/73 MP: 9/9
  6623 | D:7      | Reached skill level 9 in Long Blades
  6808 | D:7      | Found a shimmering altar of Xom.
  7300 | D:8      | Reached **** piety under Dithmenos
  7362 | D:8      | Found Derchep's Magic Scroll Shoppe.
  7672 | D:8      | Reached skill level 10 in Long Blades
  8639 | D:9      | Learned a level 2 spell: Repel Missiles
  8931 | D:10     | Entered Level 10 of the Dungeon
  8990 | D:10     | Reached XP level 10. HP: 83/83 MP: 10/10
  8995 | D:10     | Reached ***** piety under Dithmenos
  9056 | D:10     | Noticed Josephine
  9073 | D:10     | Reached skill level 11 in Long Blades
  9082 | D:10     | Reached skill level 10 in Fighting
  9452 | D:10     | Identified a scroll of acquirement
  9585 | D:10     | Noticed an elephant
  9607 | D:10     | Killed an elephant
  9607 | D:10     | Reached skill level 5 in Dodging
  9789 | D:10     | Found a staircase to the Lair.
  9814 | D:10     | Killed Josephine
  9814 | D:10     | Reached skill level 12 in Long Blades
  9883 | D:10     | Reached XP level 11. HP: 84/90 MP: 11/11
  9899 | D:10     | Found a staircase to the Orcish Mines.
 10195 | D:10     | Noticed a hill giant
 10211 | D:10     | Killed a hill giant
 10620 | Lair:1   | Entered Level 1 of the Lair of Beasts
 10639 | Lair:1   | Noticed a four-headed hydra
 10678 | Lair:1   | Slain by a four-headed hydra

Vault maps used:
D:1:      matt_arrival_grand_opening
D:2:      first_bread
D:3:      zin_angel, gup_sewer_entry_pipe, minivault_11, minmay_crystal_room,
          minmay_box_of_dots, uniq_crazy_yiuf_cottage, uniq_jessica
D:4:      uniq_grinder, uniq_menkaure, uniq_duvessa
D:6:      enter_ossuary_3, serial_glass, glass_columns_a, glass_columns_b,
          uniq_prince_ribbit1
D:7:      xom_teletrap_fun
D:8:      serial_corexii_hall, corexii_hall_statues_t, corexii_hall_statues_i,
          corexii_hall_statues_s, corexii_hall_statues_l, serial_shops, shop
D:10:     lemuel_flame_loot_2, david_lair_generic, uniq_josephine
Temple:   minmay_crystal_snake_temple
Lair:1:   portal_ice_cave_entry_pillars_2, nicolae_volcano_entry_batcave,
          minivault_19, small_statue_intersection, serial_bayou_lagoon_a,
          infiniplex_staircase_pool
Sewer:    kennysheep_door_sewer
Ossuary:  minmay_ossuary_two_tombs

Skill      XL: |  1  2  3  4  5  6  7  8  9 10 11 |
---------------+----------------------------------+-----
Fighting       | 2 3 4 5 6 7 9 10 | 10.0
Long Blades    | 4 5 6 7 8 10 12 | 12.3
Dodging        | 6 7 |  7.2
Throwing       | |  1.5

Action                   |  1- 3 |  4- 6 |  7- 9 | 10-12 || total
-------------------------+-------+-------+-------+-------++-------
Melee: Long sword        |   175 |   193 |   501 |       ||   869
       Bite              |    22 |    21 |   100 |    31 ||   174
       Scimitar          |       |       |   271 |    74 ||   345
       Great sword       |       |       |       |   108 ||   108
 Fire: Blowgun           |       |       |       |     4 ||     4
Throw: Throwing net      |       |     1 |     6 |       ||     7
Evoke: Wand              |       |       |       |     6 ||     6
  Use: Scroll            |     9 |     2 |    12 |     6 ||    29
       Potion            |       |     3 |     1 |     3 ||     7
 Stab: Invisible         |       |     4 |       |     1 ||     5
       Held in net/web   |       |       |     2 |       ||     2
  Eat: Corpse            |     1 |     4 |     8 |     2 ||    15
Armor: Leather armour    |     6 |       |       |       ||     6
       Plate armour      |   132 |    55 |       |       ||   187
       Chain mail        |       |    60 |   408 |    63 ||   531
Dodge: Dodged            |    56 |    68 |   277 |    63 ||   464
